 Dungeon Crawl Stone Soup version 0.28-a0-384-g9e0c098162 (webtiles) character file.

Game seed: 3179420838814434389

99 zdrol the Skirmisher (level 4, -5/40 HPs)
             Began as a Minotaur Fighter on Sept 3, 2021.
             Slain by a gnoll (6 damage)
             ... on level 3 of the Dungeon.
             The game lasted 00:07:25 (2362 turns).

zdrol the Skirmisher (Minotaur Fighter)             Turns: 2362, Time: 00:07:26

Health: -5/40      AC:  7    Str: 21    XL:     4   Next: 45%
Magic:  3/3        EV:  9    Int:  5    God:
Gold:   87         SH:  4    Dex: 10    Spells: 3/3 levels left

rFire   + . .      SeeInvis .   a - +0 long sword
rCold   x . .      Faith    .   c - +0 buckler
rNeg    . . .      Spirit   .   b - +0 scale mail
rPois   .          Reflect  .   (helmet restricted)
rElec   .          Harm     .   (no cloak)
rCorr   .          Rampage  .   (no gloves)
Will    .....                   (no boots)
Stlth   ..........              e - amulet of the acrobat
HPRegen 0.13/turn               h - ring of fire
MPRegen 0.08/turn               (no ring)

@: no status effects
A: horns 2, retaliatory headbutt
a: no special abilities


You were on level 3 of the Dungeon.
You visited 1 branch of the dungeon, and saw 3 of its levels.

You collected 87 gold pieces.

Inventory:

Hand Weapons
 a - a +0 long sword (weapon)
 g - a +3 dagger
Missiles
 f - 67 stones (quivered)
Armour
 b - a +0 scale mail (worn)
 c - a +0 buckler (worn)
Jewellery
 e - an amulet of the acrobat (around neck)
 h - a ring of fire (left hand)
Scrolls
 j - a scroll of magic mapping
 k - a scroll of holy word {unknown}
Potions
 d - a potion of might
 i - a potion of mutation {unknown}


   Skills:
 + Level 4.3 Fighting
 + Level 4.1 Long Blades
 + Level 0.7 Throwing
 + Level 4.2 Armour
 + Level 4.1 Shields


You had 3 spell levels left.
You didn't know any spells.
Your spell library was empty.

Dungeon Overview and Level Annotations

Branches:
Dungeon (3/15)

Altars:
Ashenzari
Xom


Innate Abilities, Weirdness & Mutations

You have a pair of horns on your head.
You reflexively headbutt those who attack you in melee.


Message History

The gnoll is moderately wounded.
The gnoll hits you but does no damage.
You slash the gnoll!
The gnoll is almost dead.
The gnoll barely misses you. x2; You furiously retaliate!
You headbutt the gnoll!
You kill the gnoll!
The gnoll hits you but does no damage.
The gnoll hits you from afar with a +0 halberd.
Things that are here:
a +0 club; a gnoll corpse; a rat corpse You closely miss the gnoll.
The gnoll is almost dead.
The gnoll hits you with a +0 club!
The gnoll hits you from afar with a +0 halberd!
You closely miss the gnoll. Your headbutt misses the gnoll.
The gnoll is almost dead.
You block the gnoll's attack.
The gnoll hits you from afar with a +0 halberd!
The gnoll hits you with a +0 club!
* * * LOW HITPOINT WARNING * * *
You slash the gnoll!
You kill the gnoll!
The gnoll hits you from afar with a +0 halberd.
* * * LOW HITPOINT WARNING * * *
The gnoll barely misses you.
Your Long Blades skill increases to level 4!
Throw: 69 stones
Press: ? - help, Q - select action Shift-Dir - straight line, f - gnoll
Aim: a gnoll, wielding a +0 halberd (61% to hit)
You throw a stone. The stone hits the gnoll.
The gnoll is lightly wounded.
The gnoll closely misses you.
Throw: 68 stones
Press: ? - help, Q - select action Shift-Dir - straight line, f/p - gnoll
Aim: a gnoll, wielding a +0 halberd (61% to hit)
You throw a stone. The stone hits the gnoll.
The gnoll is lightly wounded.
The gnoll hits you from afar with a +0 halberd.
You die...

#.# #.# # #<#
#.###################..
###
#...#..................
###.#>.................
#####'#g#########....##..
#####....).g# #....#
#.......†...# #....#
#...........##### #......
#...........(g.@#
#........
#...........###.#
#.$...... #...........#
#.# #....####
#...........# #.# #....<
#........#### #.#
#........# #.#
########.######.#
#........# ##########


You could see a gnoll.

Vanquished Creatures
  2 gnolls (D:3)
  2 adders
  2 worms (D:2)
  A dart slug (D:3)
  7 ball pythons
  5 bats
  6 endoplasms (D:1)
  6 goblins
  4 hobgoblins (D:2)
  4 kobolds
  4 quokkas
  A frilled lizard (D:1)
  4 rats
48 creatures vanquished.

Notes
Turn   | Place    | Note
-------+----------+-------------------------------------------
     0 | D:1      | zdrol the Minotaur Fighter began the quest for the Orb.
     0 | D:1      | Reached XP level 1. HP: 19/19 MP: 0/0
    70 | D:1      | Reached XP level 2. HP: 18/27 MP: 1/1
  1066 | D:1      | Found a broken altar of Ashenzari.
  1214 | D:2      | Reached XP level 3. HP: 27/33 MP: 2/2
  1728 | D:2      | Found a shimmering altar of Xom.
  2047 | D:2      | Found a faded altar of an unknown god.
  2272 | D:3      | Reached XP level 4. HP: 40/40 MP: 3/3
  2358 | D:3      | HP: 1/40 [gnoll (4)]
  2362 | D:3      | Slain by a gnoll

Illustrated notes

Levels and vault maps discovered:
D:1:      dpeg_arrival_lava_altar, layout_basic, hex_tiny, hex_intersection,
          minivault_25
D:2:      layout_basic, basic_altar, basic_ecumenical_altar,
          lemuel_another_geyser
D:3:      layout_basic

Skill      XL: |  1  2  3  4 |
---------------+-------------+-----
Fighting       | 4 |  4.3
Long Blades    | 3 4 |  4.1
Shields        | 4 |  4.1
Armour         | 4 |  4.2
Throwing       | |  0.7

Action                   |  1- 3 |  4- 6 || total
-------------------------+-------+-------++-------
Melee: Long sword        |    89 |     9 ||    98
       Headbutt          |    15 |     2 ||    17
Throw: Stone             |    19 |     2 ||    21
  Use: Scroll            |     2 |       ||     2
Armor: Scale mail        |    27 |     3 ||    30
Dodge: Dodged            |    50 |    15 ||    65
Block: Buckler           |    11 |     3 ||    14

Table legend: (Time is in decaauts)
 A = Elapsed time spent in this place.
 B = Non-inter-level travel time spent in this place.
 C = Inter-level travel time spent in this place.
 D = Time resting spent in this place.
 E = Time spent auto-exploring this place.
 F = Levels seen in this place.
 G = Mean time per level.
                   A        B        C        D        E       F      G
               +--------+--------+--------+--------+--------+-----+--------+
         Total |   2386 |   2386 |      0 |     72 |   1587 |   3 |  795.3 |
       Dungeon |   2386 |   2386 |      0 |     72 |   1587 |   3 |  795.3 |
               +--------+--------+--------+--------+--------+-----+--------+

Top non-repeatable levels by time:
     D:1: 1148 daAuts
     D:2: 1067 daAuts
     D:3: 170 daAuts
